 Dungeon Crawl Stone Soup version 0.31.0-9-g3a7656b989 (webtiles) character file.

Game seed: 1530770596410156411

3387117 Amplified the Demonic Cataclysm (level 27, 242/242 HPs)
             Began as a Demonspawn Artificer on Jan 23, 2024.
             Was a High Priest of Qazlal.
             Escaped with the Orb
             ... and 5 runes
             ... and 2 gems on Jan 24, 2024!
             The game lasted 03:22:22 (71410 turns).

Amplified the Demonic Cataclysm (DsAr)             Turns: 71410, Time: 03:22:23

Health: 242/242    AC: 32    Str: 25    XL:     27
Magic:  49/49      EV: 14    Int: 13    God:    Qazlal [*****.]
Gold:   2446       SH: 33    Dex: 12    Spells: 29/43 levels left

rFire   + + .        g - +12 morningstar of Integrity {venom, rElec rC+ Int+4 SInv}
rCold   . . .        n - +5 tower shield
rNeg    + + .        e - +11 chain mail "Itaoxkai" {rPois rN+ Dex-4}
rPois   +            (helmet unavailable)
rElec   +            y - +1 cloak {rPois}
rCorr   +            a - +2 pair of gloves {Dex+3}
SInv    +            A - +1 pair of boots {rampage}
Will    ++++.        h - necklace of Bloodlust {Fury *Rage Will++ Int-3 Slay+6} Stlth
                     Q - ring of Qistrinli {rF+ rN+}
HPRegen 0.60/turn    t - ring "Qedora" {rF+ rCorr MP+9}
MPRegen 0.62/turn

%: repel missiles, clarity, guardian spirit, rampage
@: hasted, studying Staves, very quick
A: antennae 3, powered by pain 3, augmentation 3, magic shield, magic
regeneration, magic link, sanguine armour 3, clarity, deterioration 2, dopey 1,
cold vulnerability 1, subdued magic 1, inability to read after injury 1
0: Orb of Zot
}: 5/15 runes: decaying, serpentine, slimy, silver, abyssal
a: Renounce Religion, Upheaval, Elemental Force, Disaster Area


You escaped.
You worshipped Qazlal.
Qazlal was extremely pleased with you.
You visited 12 branches of the dungeon, and saw 56 of its levels.
You visited the Abyss 1 time.
You visited 1 ziggurat, and saw 5 of its levels.
You also visited: Sewer, Bailey, Gauntlet, Volcano and Wizlab.

You collected 10202 gold pieces.
You spent 7756 gold pieces at shops.

Inventory:

Hand Weapons
 g - the +12 morningstar of Integrity (weapon) {venom, rElec rC+ Int+4 SInv}
   (You acquired it on level 2 of the Depths)

   Int+4:     It affects your intelligence (+4).
   rC+:       It protects you from cold.
   rElec:     It insulates you from electricity.
   SInv:      It lets you see invisible.
 I - the +8 autumn katana {manifold assault}
   (You found it on level 4 of a ziggurat)
 X - a +7 vampiric eveningstar
Missiles
 z - 12 silver javelins (quivered)
 R - a throwing net
Armour
 a - a +2 pair of gloves of dexterity (worn)
 e - the +11 chain mail "Itaoxkai" (worn) {rPois rN+ Dex-4}
   (You found it on level 3 of the Vaults)

   Dex-4:     It affects your dexterity (-4).
   rPois:     It protects you from poison rN+: It protects you from negative
   energy.
 n - a +5 tower shield (worn)
 y - a +1 cloak of poison resistance (worn)
 A - a +1 pair of boots of rampaging (worn)
 B - the +3 salamander hide armour {Flames, rFlCloud rF++ rC--}
   (You found it on level 14 of the Dungeon)

   Flames:    It surrounds you with flame clouds and enhances your fire magic.
   rFlCloud:  It grants immunity to flame clouds.
   rF++:      It greatly protects you from fire.
   rC--:      It makes you very vulnerable to cold.
 C - +2 gold dragon scales
Jewellery
 f - an amulet of the acrobat
 h - the necklace of Bloodlust (around neck) {Fury *Rage Will++ Int-3 Slay+6}
   (You found it on level 1 of the Snake Pit)

   [amulet of nothing]

   Fury:      It extends the wearer's berserk rage when killing foes.
   Int-3:     It affects your intelligence (-3).
   Slay+6:    It affects your accuracy & damage with ranged weapons and melee
   (+6).
   Will++:    It greatly increases your willpower.
   *Rage:     It berserks you when you make melee attacks (+50% chance).
 m - the ring of Udghirr {rPois rC+ EV+5 Str-3}
   (You found it on level 3 of the Elven Halls)

   [ring of evasion]

   EV+5:      It affects your evasion (+5).
   Str-3:     It affects your strength (-3).
   rC+:       It protects you from cold.
   rPois:     It protects you from poison
 t - the ring "Qedora" (right hand) {rF+ rCorr MP+9}
   (You found it on level 5 of a ziggurat)

   [ring of resist corrosion]

   rF+:       It protects you from fire.
   MP+9:      It affects your magic capacity (+9).
   rCorr:     It protects you from acid and corrosion.
 G - the macabre finger necklace {Finger+ rN+}
   (You found it on level 4 of a ziggurat)

   [amulet of nothing]

   Finger+:   It enables you to equip an extra ring.
   rN+:       It protects you from negative energy.
 M - the ring of Trepidation {rPois rF+ Int+3 Dex+3}
   (You took it off a skeletal warrior on level 3 of the Crypt)

   [ring of protection from fire]

   Int+3:     It affects your intelligence (+3).
   Dex+3:     It affects your dexterity (+3).
   rF+:       It protects you from fire.
   rPois:     It protects you from poison
 Q - the ring of Qistrinli (left hand) {rF+ rN+}
   (You found it on level 2 of the Snake Pit)

   [ring of protection from fire]

   rF+:       It protects you from fire.
   rN+:       It protects you from negative energy.
 S - the ring "Loewaecs" {rPois rC- rN+ rCorr Int+8}
   (You took it off a deep elf death mage on level 3 of the Elven Halls)

   [ring of resist corrosion]

   Int+8:     It affects your intelligence (+8).
   rC-:       It makes you vulnerable to cold.
   rPois:     It protects you from poison rN+: It protects you from negative
   energy.
   rCorr:     It protects you from acid and corrosion.
 U - the ring of Icuraopt {+Blink Fly Will++}
   (You found it on level 3 of the Lair of Beasts)

   [ring of flight]

   Will++:    It greatly increases your willpower.
   Fly:       It grants you flight.
   +Blink:    It lets you blink.
Wands
 i - a wand of flame (23)
 r - a wand of mindburst (52)
 x - a wand of iceblast (57)
 D - a wand of paralysis (35)
 N - a wand of polymorph (4)
 P - a wand of quicksilver (49)
Scrolls
 j - 2 scrolls of silence
 k - 9 scrolls of immolation
 l - 11 scrolls of teleportation
 E - 2 scrolls of summoning
 H - a scroll of fog
 Z - 3 scrolls of poison
Potions
 b - 7 potions of might
 c - 10 potions of heal wounds
 d - 4 potions of cancellation
 p - 7 potions of lignification
 q - 22 potions of curing
 s - 8 potions of brilliance
 u - 3 potions of magic
 v - a potion of invisibility
 w - 2 potions of ambrosia
 J - 5 potions of mutation
 K - 6 potions of enlightenment
Miscellaneous
 o - a condenser vane (inert)
 F - a lightning rod (4/4)
 L - a sack of spiders
 O - a phial of floods
 Y - a phantom mirror


   Skills:
 * Level 25.4 Fighting
 - Level 16.0 Maces & Flails
 * Level 13.9 Armour
 * Level 13.9 Dodging
 - Level 0.8 Stealth
 - Level 21.8 Shields
 - Level 8.9 Spellcasting
 - Level 15.1 Necromancy
 - Level 8.9 Translocations
 O Level 27 Invocations
 - Level 19.4 Evocations


You had 29 spell levels left.
You knew the following spells:

 Your Spells              Type           Power      Damage    Failure   Level
a - Lesser Beckoning      Tloc           98%        N/A       1%          2
b - Frozen Ramparts       Ice            18%        1d3       86%         3
c - Apportation           Tloc           98%        N/A       1%          1
d - Dispel Undead         Necr           67%        3d23      1%          4
e - Airstrike             Air            4%         2d(1-17)  99%         4

Your spell library contained the following spells:

 Spells                   Type           Power      Damage    Failure   Level
 Necrotise                Necr           100%       1d9       1%          1
 Sublimation of Blood     Necr           67%        N/A       1%          2
 Fugue of the Fallen      Necr           67%        N/A       1%          3
 Animate Dead             Necr           67%        N/A       1%          4
 Curse of Agony           Necr           67%        N/A       2%          5
 Gell's Gravitas          Tloc           49%        N/A       3%          3
 Teleport Other           Tloc           49%        N/A       3%          3
 Cigotuvi's Dreadful Rot  Necr/Alch/Air  64%        N/A       10%         2
 Manifold Assault         Tloc           49%        N/A       13%         4
 Passage of Golubria      Tloc           49%        N/A       13%         4
 Death Channel            Necr           33%        N/A       16%         6
 Anguish                  Hex/Necr       21%        N/A       22%         4
 Martyr's Knell           Necr/Summ      43%        N/A       22%         4
 Volatile Blastmotes      Fire/Tloc      58%        2d14      26%         3
 Freeze                   Ice            36%        1d5       50%         1
 Magic Dart               Conj           36%        1d4       50%         1
 Shock                    Conj/Air       36%        1d5       50%         1
 Sting                    Conj/Alch      36%        1d5       50%         1
 Summon Small Mammal      Summ           36%        N/A       50%         1
 Borgnjor's Vile Clutch   Necr/Erth      21%        N/A       54%         5
 Ensorcelled Hibernation  Hex/Ice        18%        N/A       63%         2
 Jinxbite                 Hex            18%        N/A       63%         2
 Mercury Vapours          Alch/Air       18%        N/A       63%         2
 Scorch                   Fire           18%        2d5       63%         2
 Searing Ray              Conj           18%        2d5       63%         2
 Static Discharge         Conj/Air       18%        3-4/arc   63%         2
 Dimensional Bullseye     Hex/Tloc       14%        N/A       65%         4
 Iskenderun's Mystic Bla  Conj/Tloc      29%        2d7       65%         4
 Call Canine Familiar     Summ           9%         N/A       86%         3
 Hailstorm                Conj/Ice       9%         3d6       86%         3
 Inner Flame              Hex/Fire       9%         N/A       86%         3
 Mephitic Cloud           Conj/Alch/Air  9%         N/A       86%         3
 Ozocubu's Armour         Ice            9%         N/A       86%         3
 Passwall                 Erth           9%         N/A       86%         3
 Sigil of Binding         Hex            9%         N/A       86%         3
 Stone Arrow              Conj/Erth      18%        3d8       86%         3
 Summon Ice Beast         Ice/Summ       9%         N/A       86%         3
 Swiftness                Air            9%         N/A       86%         3
 Dispersal                Tloc           24%        N/A       92%         6
 Animate Armour           Summ/Erth      18%        N/A       99%         4
 Flame Wave               Conj/Fire      9%         2d6       99%         4
 Fulminant Prism          Conj/Alch      4%         3d5       99%         4
 Ignite Poison            Fire/Alch      9%         N/A       99%         4
 Leda's Liquefaction      Alch/Erth      4%         N/A       99%         4
 Olgreb's Toxic Radiance  Alch           9%         N/A       99%         4
 Petrify                  Alch/Erth      9%         N/A       99%         4
 Summon Blazeheart Golem  Fire/Summ      9%         N/A       99%         4
 Summon Lightning Spire   Summ/Air       9%         N/A       99%         4
 Alistair's Intoxication  Alch           6%         N/A       100%        5
 Arcjolt                  Conj/Air       4%         1d14      100%        5
 Freezing Cloud           Conj/Ice/Air   4%         6-21      100%        5
 Irradiate                Conj/Alch      4%         3d13      100%        5
 Lee's Rapid Deconstruct  Erth           4%         3d5*      100%        5
 Metabolic Englaciation   Hex/Ice        4%         N/A       100%        5
 Silence                  Hex/Air        4%         N/A       100%        5
 Summon Mana Viper        Hex/Summ       9%         N/A       100%        5
 Bombard                  Conj/Erth      4%         9d2       100%        6
 Conjure Ball Lightning   Conj/Air       4%         3x3d6     100%        6
 Eringya's Noxious Bog    Alch           4%         4d6       100%        6
 Sculpt Simulacrum        Ice/Alch       4%         N/A       100%        6
 Summon Cactus Giant      Summ           4%         N/A       100%        6
 Haunt                    Necr/Summ      21%        N/A       100%        7
 Monstrous Menagerie      Summ           4%         N/A       100%        7
 Orb of Destruction       Conj           4%         9d5       100%        7
 Ozocubu's Refrigeration  Ice            4%         4d8       100%        7
 Spellforged Servitor     Conj/Summ      4%         N/A       100%        7
 Borgnjor's Revivificati  Necr           33%        N/A       100%        8
 Discord                  Hex            4%         N/A       100%        8
 Disjunction              Tloc           24%        N/A       100%        8
 Ignition                 Fire           4%         3d4       100%        8
 Infestation              Necr           33%        N/A       100%        8
 Lehudib's Crystal Spear  Conj/Erth      4%         10d3      100%        8
 Death's Door             Necr           33%        N/A       100%        9


Dungeon Overview and Level Annotations

Branches:
Dungeon (15/15)            Temple (1/1) D:7            Lair (5/5) D:11
  Swamp (4/4) Lair:2        Snake (4/4) Lair:2        Slime (5/5) Lair:5
    Orc (2/2) D:12            Elf (3/3) Orc:2        Vaults (5/5) D:13
  Crypt (3/3) Vaults:3       Tomb (0/3) Crypt:3      Depths (4/4) D:15
    Zot (5/5) Depths:4      Sewer (visited)          Bailey (visited)
Volcano (visited)          WizLab (visited)         Gauntlet (visited)

Altars:
Ashenzari
Cheibriados
Dithmenos
Fedhas
Gozag
Hepliaklqana
Kikubaaqudgha
Makhleb
Nemelex Xobeh
Okawaru
Qazlal
Ru
Sif Muna
Trog
Uskayaw
Vehumet
Wu Jian
Xom
Yredelemnul
Jiyva

Shops:
D:10 *!   D:14 [   Orc:2 [((*?   Elf:1 (   Snake:1 ([   Snake:3 *
Vaults:5 ![!?*!   Depths:1 ::=

Portals:
Hell: Depths:1 Depths:2 Depths:3 Depths:4
Abyss: Depths:1 Depths:3 Depths:4
Pandemonium: Depths:2 Depths:3

Annotations:
D:1 Noot noot
Crypt:2 Vv
Crypt:3 No gem from Crypt, take your time to clear.
Depths:2 Get gem from
U:4
Depths:4 Careful ascend, juggle rings.
Zot:2 Middle down has OoF
Zot:5 Midright, upright, What?


Innate Abilities, Weirdness & Mutations

You have a pair of large antennae on your head. (SInv)
You are powered by pain.
Your magical and physical power is greatly enhanced at high health.
When hurt, damage is shared between your health and your magic reserves.
You regenerate magic rapidly.
When low on magic, you restore magic in place of health.
When seriously injured, your blood forms very thick armour. (AC +0)
You possess an exceptional clarity of mind.
Your body often deteriorates upon taking damage.
You are dopey. (Int -2)
You are vulnerable to cold. (rC-)
Your spells are a little easier to cast, but a little less powerful.
You occasionally lose the ability to read scrolls when taking damage.


Message History

The Orb Guardian is almost dead.
You block the Orb Guardian's attack.
You impale the Orb Guardian!!
You kill the Orb Guardian!
Qazlal accepts your kill.
An Orb Guardian comes into view.
You hear chittering from your sack of spiders.
It's ready.
The Orb Guardian hits you but does no damage.
You spit the Orb Guardian like a pig!!!
The Orb Guardian looks as sick as possible!
The Orb Guardian is heavily wounded.
You block the Orb Guardian's attack.
You bludgeon the Orb Guardian!!
The Orb Guardian looks as sick as possible!
The Orb Guardian is almost dead.
You block the Orb Guardian's attack.
You hit the Orb Guardian but do no damage.
The Orb Guardian looks as sick as possible!
The Orb Guardian is almost dead.
You block the Orb Guardian's attack.
You impale the Orb Guardian!!
You kill the Orb Guardian!
Qazlal accepts your kill.
No target in view!
What level of the Dungeon? (default 1, ? - help)
There is a stone staircase leading up here.
You climb upwards.
There is a stone staircase leading down here.
There is a stone staircase leading up here.
You climb upwards.
There is a stone staircase leading down here.
There is a stone staircase leading up here.
You climb upwards.
There is a stone staircase leading down here.
You see here a +0 club.
You feel yourself speed up.
There is a staircase leading out of the dungeon here.
Annotate which branch? (. - D:1, ? - help, ! - show branch list) New annotation for D:1 (include '!' for warning): Noot noot You have escaped!

#############.#................
#..................
#####..............
##............# ##.....⌠.....#
##..#.#####.# ##...# #.#
########+#######.#
#@.............#.#
######.......#.#'#
##..⌠..##.... ##...###....
#################.## #....
#...............### ##....
#................# #.....
#................####.....
#.........)........##..⌠..


There were no monsters in sight!

Vanquished Creatures
  Dissolution (Slime:3)
  the Royal Jelly (Slime:5)
  A dread lich (Zot:5)
  5 ancient liches
  4 orbs of fire (Zot:5)
  A juggernaut (Depths:2)
  6 Killer Klowns
  Margery (Vaults:4)
  7 caustic shrikes
  A curse toe (Crypt:3)
  15 golden dragons
  2 electric golems
  3 bone dragons
  16 tentacled monstrosities
  2 hellephants
  2 deep elf blademasters
  2 walking crystal tomes
  2 shard shrike skeletons
  An Ice Fiend (Depths:2)
  Asterion (Vaults:2)
  27 Orb Guardians
  10 liches
  6 titans
  A walking frostbound tome (Depths:2)
  9 quicksilver dragons
  A walking divine tome (Depths:2)
  27 acid blobs
  2 Executioners
  8 sphinxes
  12 tentacled starspawn
  9 ancient champions
  3 deep elf master archers (Elf:3)
  10 death cobs
  12 storm dragons
  The ghost of Viocziel the Brawler, an adept TrMo of Nemelex Xobeh (Depths:1)
  A thorn hunter (Abyss:4)
  12 shadow dragons
  10 azure jellies
  13 tengu reavers
  A demonspawn warmonger (D:13)
  7 revenants
  2 nagarajas (Snake:4)
  2 protean progenitors
  12 fire giants
  20 rockslimes
  3 draconian monks
  A nargun (Depths:3)
  7 deep elf elementalists (Elf:3)
  3 draconian knights
  A caustic shrike zombie (Crypt:3)
  5 draconian scorchers
  9 deep elf sorcerers
  2 balrugs
  12 frost giants
  22 vault wardens
  3 draconian shifters
  A spectral caustic shrike (WizLab)
  2 orc warlords (Orc:2)
  3 ghost moths
  2 curse skulls (Crypt:2)
  4 draconian stormcallers
  8 draconian annihilators
  2 reapers
  9 ghouls
  20 quicksilver oozes
  4 cacodemons
  37 very ugly things
  A demonspawn blood saint (Depths:4)
  2 juggernaut skeletons
  5 vampire knights
  2 formless jellyfish
  The ghost of Fv001 the Cleaver, a journeyman DsFi of Okawaru (Snake:1)
  8 ironbound thunderhulks
  11 stone giants
  2 spriggan defenders (Depths:2)
  14 ironbound preservers
  8 deep elf death magi
  11 deep elf demonologists
  8 black draconians
  3 eleionomae
  10 green draconians
  Nessos (D:15)
  2 lorocyprocas
  7 deep elf annihilators (Elf:3)
  A spectral titan (WizLab)
  A demonspawn black sun (Depths:4)
  6 yellow draconians
  4 purple draconians
  10 white draconians
  2 war gargoyles
  A minotaur (Gauntlet)
  6 bunyips
  3 dire elephants (Vaults:3)
  Snorg (Orc:1)
  13 red draconians
  4 halazid warlocks (WizLab)
  5 spark wasps
  3 mummy priests (Crypt:3)
  17 ettins
  2 crystal guardians (Vaults:3)
  3 quicksilver dragon zombies (WizLab)
  8 eidola
  2 spectral quicksilver dragons (WizLab)
  2 green deaths (Swamp:4)
  13 yaktaur captains
  14 jiangshi
  9 great orbs of eyes
  3 blizzard demons
  Josephine (Orc:1)
  6 ice dragons
  6 deep elf high priests
  2 entropy weavers (Vaults:1)
  A shambling mangrove (Abyss:4)
  12 fire dragons
  8 rakshasas
  16 hydras
  5 salamander tyrants
  36 vault guards
  Fannar (D:12)
  A merfolk avatar (Lair:5)
  2 spriggan skeletons (Crypt:3)
  3 ghost crabs
  A peacekeeper (Vaults:3)
  6 ironbound frosthearts
  4 ogre magi
  A jorogumo (D:11)
  3 spriggan air magi
  7 alligators
  19 centaur warriors
  9 anacondas
  Erica (D:11)
  10 two-headed ogres
  6 boulder beetles
  33 dancing weapons
  11 naga warriors
  A two-headed ogre (shapeshifter) (Vaults:5)
  13 deep troll shamans
  5 tengu warriors
  A death scarab (Gauntlet)
  Urug (D:13)
  5 death knights
  9 vampire magi
  11 deep troll earth magi
  A hell hog (Abyss:4)
  7 death yaks
  3 orc high priests
  A fenstrider witch skeleton (Crypt:3)
  5 spriggan berserkers
  3 thrashing horrors
  A titan zombie (Crypt:3)
  5 occultists
  9 sun demons
  11 naga sharpshooters
  9 shock serpents
  2 soul eaters (Crypt:1)
  13 hell knights
  16 deep elf knights
  Nergalle (D:11)
  Amaemon (Lair:3)
  11 wretched stars
  5 iron trolls
  3 shadow wraiths
  3 sixfirhies
  4 skysharks (Vaults:1)
  3 salamander mystics
  3 spark wasp zombies (WizLab)
  A spatial maelstrom (Abyss:4)
  3 goliath frogs
  3 sea snakes (Lair:5)
  7 flayed ghosts
  A spectral spark wasp (WizLab)
  Lodul (D:11)
  A shining eye (shapeshifter) (Depths:2)
  20 skeletal warriors
  A death drake (Abyss:4)
  8 glowing orange brains
  46 deep trolls
  9 swamp dragons
  A spriggan simulacrum (Crypt:1)
  7 bog bodies
  3 spriggan druids
  6 naga ritualists
  10 phantasmal warriors
  13 deep elf archers
  An orb spider (Abyss:4)
  2 bunyip skeletons
  6 orc knights
  2 arcanists
  10 mana vipers
  9 necromancers
  17 ironbound convokers
  A swamp dragon (shapeshifter) (Depths:3)
  26 deep elf zephyrmancers
  6 harpies
  14 lindwurms
  A broodmother zombie (Crypt:2)
  32 deep elf pyromancers
  10 starcursed masses (Abyss:4)
  6 orc sorcerers
  5 manticores
  A faun (shapeshifter) (Vaults:5)
  2 oklob plants (D:11)
  A fire giant zombie (Depths:1)
  4 shining eyes
  41 ugly things
  4 will-o-the-wisps
  A frost giant zombie (Depths:1)
  20 salamanders
  13 large abominations
  5 cyclopes
  An eleionoma skeleton (Crypt:2)
  A cyclops (shapeshifter) (Vaults:5)
  8 worldbinders
  22 moths of wrath
  A moth of wrath (shapeshifter) (Zig:1)
  7 kobold blastminers
  6 elephants (Lair:5)
  40 black mambas
  2 rust devils
  5 meliai
  A water nymph (Abyss:4)
  11 naga magi
  An apocalypse crab (Zig:2)
  A water nymph (shapeshifter) (Depths:3)
  An unseen horror (shapeshifter) (D:14)
  6 orange demons
  An ice statue (Lair:3)
  An eye of devastation (Depths:1)
  4 smoke demons
  18 vault sentinels
  7 guardian serpents
  An unseen horror (D:11)
  16 cane toads
  A dire elephant skeleton (Crypt:1)
  2 molten gargoyles (Volcano)
  An orb spider zombie (Crypt:2)
  A catoblepas zombie (Crypt:2)
  4 torpor snails
  A mana viper skeleton (Crypt:3)
  9 komodo dragons
  A yaktaur (shapeshifter) (Depths:4)
  An iron troll zombie (Crypt:2)
  5 hellions
  10 freezing wraiths
  An ice devil (Lair:3)
  4 efreet
  2 kobold demonologists
  7 rime drakes
  18 yaktaurs
  3 tengu conjurers
  4 ancient zymes
  A purple draconian skeleton (Crypt:1)
  11 guardian mummies
  2 harpy zombies
  2 spectral harpies (WizLab)
  4 tyrant leeches
  6 trolls
  9 polar bears
  2 harpy skeletons
  A merfolk (shapeshifter) (Vaults:5)
  3 glass eyes
  A hellwing (Abyss:4)
  2 guardian serpent zombies
  3 raiju (shapeshifter)
  8 blink frogs
  A wind drake (Lair:5)
  4 dream sheep (Lair:5)
  4 raiju (Abyss:4)
  8 hornets
  A radroach zombie (Crypt:1)
  A fire dragon zombie (Crypt:3)
  A satyr zombie (Crypt:1)
  A spectral black mamba (Gauntlet)
  2 stone giant simulacra
  A spriggan zombie (WizLab)
  97 slime creatures
  4 spriggans
  A dire elephant simulacrum (Abyss:4)
  A satyr skeleton (Crypt:3)
  14 air elementals
  A vampire (Depths:3)
  8 wyverns
  3 ynoxinuls
  3 shadows (Swamp:4)
  13 small abominations
  3 neqoxecs (Abyss:3)
  13 wraiths
  5 fire bats (Volcano)
  2 water elementals
  48 yaks
  An alligator snapping turtle simulacrum (Crypt:1)
  A warg (Orc:2)
  4 golden eyes (Depths:1)
  A basilisk (Lair:5)
  A fire elemental (Zig:4)
  2 ushabtiu (Crypt:3)
  Eustachio (D:5)
  2 redbacks (Vaults:1)
  3 steam dragons
  A steam dragon (shapeshifter) (D:14)
  3 chaos spawn
  3 vampire mosquitoes
  A glowing shapeshifter zombie (Crypt:1)
  A harpy simulacrum (Crypt:1)
  31 nagas
  11 swamp worms
  4 acid dragons
  A naga skeleton (Crypt:1)
  A swamp worm (shapeshifter) (Vaults:5)
  A deep troll skeleton (Crypt:2)
  9 hell hounds
  15 water moccasins
  2 water moccasins (shapeshifter)
  Duvessa (D:5)
  38 orc warriors
  2 swamp drakes (Swamp:3)
  9 ice beasts
  15 ogres
  22 laughing skulls
  2 centaurs
  A boggart (Abyss:4)
  19 wolves
  A swamp dragon skeleton (Crypt:3)
  6 weeping skulls
  A kobold brigand (D:9)
  A brain worm (Abyss:3)
  3 necrophages (Crypt:2)
  6 gnoll sergeants
  3 scorpions
  2 earth elementals
  18 bullfrogs
  A salamander skeleton (Crypt:2)
  4 wights (D:5)
  A water moccasin skeleton (Crypt:1)
  Dowan (D:5)
  5 killer bees
  5 vampire bats (Lair:5)
  A shapeshifter skeleton (Crypt:3)
  12 electric eels
  A troll skeleton (Crypt:1)
  2 howler monkeys
  A human zombie (Crypt:3)
  6 lava snakes (Volcano)
  3 quasits
  A black bear zombie (Crypt:1)
  3 bombardier beetles
  18 orc priests
  A hound (D:4)
  2 sleepcaps (D:5)
  3 iguanas
  18 orc wizards
  Ijyb (D:4)
  An ice beast zombie (Crypt:2)
  A hound zombie (Crypt:2)
  A mummy (Crypt:3)
  32 gnolls
  2 river rats (D:6)
  12 adders
  A shadow imp (D:6)
  A steam dragon skeleton (Crypt:3)
  A swamp drake skeleton (Crypt:1)
  6 white imps
  4 ufetubi
  A lava snake skeleton (Crypt:3)
  12 dart slugs
  A ribbon worm (D:2)
  71 orcs
  15 endoplasms
  4 giant cockroaches
  10 goblins
  2 hobgoblins
  2 jackals (D:1)
  11 kobolds
  9 quokkas
  14 ball pythons
  13 bats
  A dart slug zombie (Crypt:2)
  11 frilled lizards
  7 rats
  9 spectral weapons
  7 starspawn tentacles (Abyss:4)
2573 creatures vanquished.

Vanquished Creatures (collateral kills)
  A juggernaut (Depths:2)
  Norris (Vaults:1)
  2 tentacled monstrosities
  Aizul (Vaults:2)
  A tengu reaver (Depths:2)
  An azure jelly (Slime:2)
  A draconian shifter (Zot:1)
  A spectral titan (WizLab)
  A white draconian (Zot:1)
  A two-headed ogre (Volcano)
  An orc high priest (Orc:2)
  A deep elf knight (Elf:1)
  3 skeletal warriors
  A salamander mystic (Snake:3)
  2 deep trolls
  A deep elf archer (Elf:1)
  An orc knight (Orc:2)
  A deep elf zephyrmancer (Elf:1)
  A shining eye (Slime:5)
  2 ugly things (Vaults:2)
  An orc sorcerer (Orc:2)
  An orange demon (Lair:3)
  A yaktaur (Vaults:2)
  7 slime creatures
  A laughing skull (WizLab)
  An orc warrior (Bailey)
37 creatures vanquished.

Vanquished Creatures (others)
  A shadow dragon (Depths:4)
  A draconian knight (Depths:4)
  A fire dragon (Depths:4)
  An ogre mage (Abyss:3)
  3 deep elf knights
  A hell knight (Depths:4)
  A large abomination (Abyss:3)
  A lindwurm (Vaults:3)
  4 lightning spires (Elf:2)
  An ugly thing (D:12)
  A tyrant leech (Swamp:2)
  2 fire bats (Abyss:3)
  4 chaos spawn (Abyss:3)
  A centaur (D:5)
  A weeping skull (Abyss:4)
  An orc wizard (D:13)
  20 foxfires
  49 spectral weapons
  24 starspawn tentacles
118 creatures vanquished.

Grand Total: 2728 creatures vanquished

Notes
Turn   | Place    | Note
-------+----------+-------------------------------------------
     0 | D:1      | Amplified the Demonspawn Artificer began the quest for the
                  | Orb.
     0 | D:1      | Reached XP level 1. HP: 15/15 MP: 1/1
   103 | D:1      | Reached skill level 1 in Dodging
   186 | D:1      | Gained mutation: When seriously injured, your blood forms
                  | armour. (AC +0) [demonic ancestry]
   186 | D:1      | Reached XP level 2. HP: 21/21 MP: 2/2
   617 | D:1      | Reached XP level 3. HP: 22/26 MP: 3/3
  1000 | D:2      | Found a faded altar of an unknown god.
  1312 | D:2      | Identified the +4 whip "Meyrel" {flame, rPois rF- SInv}
  1512 | D:2      | Gained mutation: When seriously injured, your blood forms
                  | thick armour. (AC +0) [demonic ancestry]
  1512 | D:2      | Reached XP level 4. HP: 17/33 MP: 4/4
  1850 | D:3      | Gained mutation: You are agile. (Dex +4, Str/Int -1)
                  | [potion of mutation]
  1850 | D:3      | Gained mutation: You have sharp toenails. [potion of
                  | mutation]
  2044 | D:3      | Gained mutation: You sometimes gain a little power by
                  | taking damage. [demonic ancestry]
  2044 | D:3      | Reached XP level 5. HP: 39/39 MP: 5/5
  2246 | D:4      | Gained mutation: You have a pair of small antennae on your
                  | head. [demonic ancestry]
  2246 | D:4      | Reached XP level 6. HP: 39/47 MP: 6/6
  2813 | D:5      | Entered Level 5 of the Dungeon
  2813 | D:5      | Noticed Ijyb
  2815 | D:5      | Noticed an ice beast
  2821 | D:4      | Killed Ijyb
  2849 | D:5      | Killed an ice beast
  2855 | D:5      | Gained mutation: You regenerate magic rapidly. [demonic
                  | ancestry]
  2855 | D:5      | Reached XP level 7. HP: 28/53 MP: 7/7
  3040 | D:5      | Reached skill level 5 in Evocations
  3330 | D:5      | Found an ornate altar of the Wu Jian Council.
  3425 | D:5      | Noticed Dowan
  3541 | D:5      | Noticed Duvessa
  3549 | D:5      | Killed Dowan
  3550 | D:5      | Gained mutation: You sometimes gain power by taking damage.
                  | [demonic ancestry]
  3550 | D:5      | Reached XP level 8. HP: 60/61 MP: 8/8
  3556 | D:5      | Killed Duvessa
  3702 | D:5      | Noticed Eustachio
  3715 | D:5      | Killed Eustachio
  3716 | D:5      | Reached skill level 5 in Fighting
  3948 | D:5      | Reached skill level 5 in Armour
  4307 | D:6      | Found a glowing drain.
  4325 | D:6      | Reached skill level 5 in Dodging
  4348 | Sewer    | Entered a sewer
  5110 | D:6      | Reached XP level 9. HP: 46/69 MP: 9/9
  5115 | D:6      | Reached skill level 1 in Maces & Flails
  5115 | D:6      | Reached skill level 1 in Shields
  5819 | D:7      | Found a staircase to the Ecumenical Temple.
  5878 | Temple   | Entered the Ecumenical Temple
  5884 | Temple   | Became a worshipper of Qazlal Stormbringer
  6559 | D:7      | Reached skill level 1 in Invocations
  6859 | D:7      | Reached skill level 2 in Invocations
  6942 | D:8      | Reached skill level 3 in Invocations
  7058 | D:8      | Got the Vellum of Mutated Conduction
  7111 | D:8      | Found a flagged portal.
  7126 | D:8      | Reached * piety under Qazlal
  7160 | Bailey   | Entered a bailey
  7390 | Bailey   | Reached skill level 4 in Invocations
  7476 | Bailey   | Identified the +0 chain mail of Skepticism {Str+3 Stlth+}
  7477 | Bailey   | Identified the +0 cloak "Emismad" {*Corrode Dex+5}
  7479 | Bailey   | Identified the +0 plate armour of the Arcane {+Inv rElec
                  | rC+}
  7616 | D:8      | Found a shimmering blue altar of Sif Muna.
  7759 | D:8      | Gained mutation: When seriously injured, your blood forms
                  | very thick armour. (AC +0) [demonic ancestry]
  7759 | D:8      | Reached XP level 10. HP: 76/76 MP: 13/13
  7829 | D:8      | Found a broken altar of Ashenzari.
  7834 | D:8      | Found a hazy altar of Hepliaklqana.
  7835 | D:8      | Found a radiant altar of Vehumet.
  7835 | D:8      | Found a sparkling altar of Nemelex Xobeh.
  7835 | D:8      | Found a burning altar of Makhleb.
  7839 | D:8      | Found a basalt altar of Yredelemnul.
  8047 | D:9      | Reached ** piety under Qazlal
  8055 | D:9      | Reached skill level 5 in Invocations
  8191 | D:9      | Paralysed by a hornet for 3 turns
  8197 | D:9      | Paralysed by a hornet for 3 turns
  8830 | D:9      | Reached skill level 6 in Invocations
  9162 | D:10     | Entered Level 10 of the Dungeon
  9171 | D:10     | Reached skill level 5 in Maces & Flails
  9253 | D:10     | Reached skill level 5 in Shields
  9256 | D:10     | Reached skill level 7 in Invocations
  9579 | D:10     | Found an opulent altar of Gozag.
  9579 | D:10     | Found Gozag's Platinum Reserve.
  9726 | D:10     | Reached *** piety under Qazlal
  9748 | D:10     | Gained mutation: You are powered by pain. [demonic
                  | ancestry]
  9748 | D:10     | Reached XP level 11. HP: 34/81 MP: 16/16
  9910 | D:10     | Found Rabligu's Distillery.
  9915 | D:10     | Bought a potion of heal wounds for 80 gold pieces
  9915 | D:10     | Bought a potion of curing for 48 gold pieces
  9915 | D:10     | Bought a potion of curing for 48 gold pieces
  9915 | D:10     | Bought a potion of enlightenment for 80 gold pieces
  9989 | D:10     | Reached skill level 8 in Invocations
 10351 | D:11     | Noticed Erica
 10359 | D:11     | Killed Erica
 10361 | D:11     | Noticed a purple ugly thing
 10375 | D:11     | Killed a purple ugly thing
 10404 | D:11     | Found a staircase to the Lair.
 10407 | D:11     | Noticed an oklob plant
 10409 | D:11     | Noticed an oklob plant
 10623 | D:11     | Noticed a boulder beetle
 10646 | D:11     | Killed a boulder beetle
 10651 | D:11     | Reached skill level 9 in Invocations
 10739 | D:11     | Noticed Nergalle
 10745 | D:11     | Killed Nergalle
 10790 | D:11     | Found Oxanuw's Vocational Training.
 10823 | D:11     | Noticed a two-headed ogre
 10831 | D:11     | Killed a two-headed ogre
 10832 | D:11     | Reached skill level 10 in Evocations
 10871 | D:11     | Noticed Lodul
 10875 | D:11     | Noticed a two-headed ogre
 10888 | D:11     | Killed Lodul
 10892 | D:11     | Killed a two-headed ogre
 10901 | D:11     | Reached skill level 10 in Invocations
 11058 | D:11     | Noticed a boulder beetle
 11061 | D:11     | a boulder beetle changed into a jorogumo
 11061 | D:11     | Noticed a jorogumo
 11088 | D:11     | Killed a jorogumo
 11089 | D:11     | Reached XP level 12. HP: 44/87 MP: 19/19
 11753 | D:11     | Bought a manual of Invocations for 1120 gold pieces
 11773 | D:12     | Noticed Fannar
 11787 | D:12     | Killed Fannar
 11829 | D:12     | Found a staircase to the Orcish Mines.
 11913 | D:12     | Found a gate leading to a gauntlet.
 11945 | Gauntlet | Entered a Gauntlet
 11945 | Gauntlet | Found a transporter.
 11945 | Gauntlet | Found a transporter.
 11945 | Gauntlet | Found a transporter.
 12042 | Gauntlet | Found a transporter.
 12050 | Gauntlet | Noticed a death scarab
 12054 | Gauntlet | Found a transporter.
 12056 | Gauntlet | Found a transporter.
 12058 | Gauntlet | Found a large runed translucent door.
 12059 | Gauntlet | Found a large runed translucent door.
 12060 | Gauntlet | Found a large runed translucent door.
 12060 | Gauntlet | Found a large runed translucent door.
 12060 | Gauntlet | Found a runed translucent door.
 12060 | Gauntlet | Found a runed translucent door.
 12061 | Gauntlet | Found a large runed translucent door.
 12062 | Gauntlet | Found a large runed translucent door.
 12063 | Gauntlet | Found a large runed translucent door.
 12063 | Gauntlet | Found a large runed translucent door.
 12064 | Gauntlet | Found a runed translucent gate.
 12064 | Gauntlet | Found a runed translucent gate.
 12064 | Gauntlet | Found a runed translucent gate.
 12065 | Gauntlet | Noticed a death yak
 12065 | Gauntlet | Noticed a death yak
 12065 | Gauntlet | Noticed a death yak
 12065 | Gauntlet | Noticed a death yak
 12066 | Gauntlet | Found a transporter.
 12075 | Gauntlet | Found a large runed translucent door.
 12075 | Gauntlet | Found a large runed translucent door.
 12076 | Gauntlet | Found a large runed translucent door.
 12077 | Gauntlet | Found a large runed translucent door.
 12084 | Gauntlet | Noticed a death yak
 12084 | Gauntlet | Noticed a death yak
 12085 | Gauntlet | Noticed a death yak
 12086 | Gauntlet | Noticed a death yak
 12087 | Gauntlet | Found a transporter.
 12088 | Gauntlet | Found a large runed translucent door.
 12088 | Gauntlet | Found a large runed translucent door.
 12089 | Gauntlet | Found a large runed translucent door.
 12090 | Gauntlet | Found a large runed translucent door.
 12092 | Gauntlet | Found a transporter.
 12096 | Gauntlet | Found a transporter.
 12106 | Gauntlet | Found a transporter.
 12110 | Gauntlet | Found a transporter.
 12243 | Gauntlet | Reached skill level 11 in Invocations
 12335 | Gauntlet | Killed a death scarab
 12346 | Gauntlet | Identified the +1 hat "Zacsoq" {Str+3}
 12526 | Gauntlet | Identified the +0 rapier "Nerhok" {drain, rN+ rCorr Dex+4}
 12526 | Gauntlet | Noticed a minotaur
 12530 | Gauntlet | Killed a minotaur
 13237 | Orc:1    | Entered Level 1 of the Orcish Mines
 13415 | Lair:1   | Entered Level 1 of the Lair of Beasts
 13521 | Lair:1   | Learned a level 2 spell: Lesser Beckoning
 13608 | Lair:1   | Reached skill level 12 in Invocations
 13914 | Lair:2   | Noticed a four-headed hydra
 13920 | Lair:2   | Killed a four-headed hydra
 14027 | Lair:2   | Found a staircase to the Swamp.
 14285 | Lair:2   | Found a staircase to the Snake Pit.
 14374 | Lair:2   | Reached skill level 13 in Invocations
 14537 | Lair:2   | Reached XP level 13. HP: 98/98 MP: 22/22
 14845 | Lair:2   | Reached **** piety under Qazlal
 15307 | Lair:3   | Reached skill level 14 in Invocations
 15572 | Lair:3   | Identified the ring of Icuraopt {+Blink Fly Will++}
 15602 | Lair:3   | Noticed Amaemon
 15611 | Lair:3   | Killed Amaemon
 15835 | Lair:3   | Reached skill level 15 in Invocations
 16420 | Lair:4   | Found a dark tunnel.
 16434 | Volcano  | Entered a volcano
 16509 | Volcano  | Reached ***** piety under Qazlal
 16576 | Volcano  | Found a burning altar of Makhleb.
 16583 | Volcano  | Gained mutation: When hurt, damage is shared between your
                  | health and your magic reserves. [demonic ancestry]
 16583 | Volcano  | Reached XP level 14. HP: 108/108 MP: 25/25
 16686 | Volcano  | Identified the serpent talisman of Hofoopu {Fly Dex-2
                  | Stlth+}
 16780 | Lair:4   | Reached skill level 16 in Invocations
 18672 | Lair:5   | Entered Level 5 of the Lair of Beasts
 18688 | Lair:5   | Reached skill level 10 in Maces & Flails
 18775 | Lair:5   | Reached skill level 10 in Shields
 18941 | Lair:5   | Reached skill level 10 in Fighting
 19188 | Lair:5   | Reached skill level 17 in Invocations
 19565 | Lair:5   | Found the ring of the Octopus King
 19606 | Lair:5   | Identified a ring of the Octopus King {Fly HP+2 AC+2 EV+2
                  | SH+2}
 19956 | Lair:5   | Found a viscous altar of Jiyva.
 19957 | Lair:5   | Found a staircase to the Slime Pits.
 20955 | D:13     | Noticed Urug
 20970 | D:13     | Killed Urug
 21419 | D:13     | Reached skill level 18 in Invocations
 21425 | D:13     | Gained mutation: Your magical and physical power is
                  | slightly enhanced at high health. [demonic ancestry]
 21425 | D:13     | Reached XP level 15. HP: 104/117 MP: 25/28
 21732 | D:13     | Found a gate to the Vaults.
 21965 | D:14     | Found Pekhledd's Armour Shoppe.
 22119 | D:14     | Found the +3 salamander hide armour {Flames, rFlCloud rF++
                  | rC--}
 23078 | D:15     | Entered Level 15 of the Dungeon
 23311 | D:15     | Found a staircase to the Depths.
 23507 | D:15     | Noticed Nessos
 23515 | D:15     | Killed Nessos
 24142 | Orc:1    | Noticed Snorg
 24151 | Orc:1    | Killed Snorg
 24497 | Orc:1    | Identified the +5 dagger of Poiczusm {freeze, MP+9 Int+7}
 24628 | D:11     | Bought a manual of Evocations for 1120 gold pieces
 24660 | Orc:2    | Entered Level 2 of the Orcish Mines
 24715 | Orc:2    | Reached skill level 19 in Invocations
 24892 | Orc:2    | Reached ****** piety under Qazlal
 25007 | Orc:2    | Gained mutation: You have a pair of antennae on your head.
                  | [demonic ancestry]
 25007 | Orc:2    | Reached XP level 16. HP: 127/127 MP: 29/29
 25192 | Orc:2    | Found a staircase to the Elven Halls.
 25232 | Orc:2    | Found Qadoq's Magic Scroll Emporium.
 25243 | Orc:2    | Bought a scroll of fog for 56 gold pieces
 25243 | Orc:2    | Bought a scroll of teleportation for 42 gold pieces
 25243 | Orc:2    | Bought a scroll of enchant weapon for 105 gold pieces
 25663 | Orc:2    | Found Ytuqer's General Store.
 25663 | Orc:2    | Found Seelap's Antique Armour Shop.
 25669 | Orc:2    | Found Qeumin's Antique Weapon Shoppe.
 25669 | Orc:2    | Found Jiorchoaxt's Antique Weapon Shop.
 25683 | Orc:2    | Bought a spiked chain mail for 285 gold pieces
 25683 | Orc:2    | Identified the +4 chain mail of Cifak {Str+7 Slay-5} (You
                  | bought it in a shop on level 2 of the Orcish Mines)
 25683 | Orc:2    | Bought a pair of runed boots for 225 gold pieces
 25754 | Orc:1    | Noticed Josephine
 25759 | Orc:1    | Killed Josephine
 26050 | Snake:1  | Entered Level 1 of the Snake Pit
 26281 | Snake:1  | Found Ampeufas's Weapon Emporium.
 26455 | Snake:1  | Found the necklace of Bloodlust {Fury *Rage Will++ Int-3
                  | Slay+6}
 26482 | Snake:1  | Found a runed translucent gate.
 26482 | Snake:1  | Found a runed translucent gate.
 26485 | Snake:1  | Found a runed translucent gate.
 26485 | Snake:1  | Noticed Fv001's ghost (journeyman DsFi)
 26605 | Snake:1  | Reached skill level 15 in Evocations
 26954 | Snake:1  | Found Aqevill's Antique Armour Boutique.
 28143 | Snake:2  | Identified the ring of Qistrinli {rF+ rN+}
 28858 | Snake:3  | Identified the +1 robe of the Buccaneer {-Tele rN+ Int-5
                  | Dex+7}
 28872 | Snake:3  | Reached skill level 20 in Invocations
 29255 | Snake:3  | Reached XP level 17. HP: 136/136 MP: 31/31
 29271 | Snake:3  | Found Loyhoerr's General Store.
 29628 | Snake:4  | Entered Level 4 of the Snake Pit
 30609 | Snake:4  | Noticed a quicksilver dragon
 30685 | Snake:4  | Killed a quicksilver dragon
 30901 | Snake:4  | Got a serpentine rune of Zot
 30991 | Snake:4  | Identified the +1 war axe "With Two Names" {protect, Dex+2}
 31062 | Snake:1  | Bought a spiked chain mail for 285 gold pieces
 31062 | Snake:1  | Identified the +3 chain mail of Watchfulness {Harm} (You
                  | bought it in a shop on level 1 of the Snake Pit)
 31119 | Snake:1  | Killed Fv001's ghost
 31356 | Swamp:1  | Entered Level 1 of the Swamp
 31638 | Swamp:2  | Noticed a tentacled monstrosity
 31655 | Swamp:2  | Killed a tentacled monstrosity
 31751 | Swamp:3  | Learned a level 3 spell: Frozen Ramparts
 31772 | Swamp:4  | Entered Level 4 of the Swamp
 31853 | Swamp:4  | Reached skill level 21 in Invocations
 31976 | Swamp:4  | Noticed a tentacled monstrosity
 31994 | Swamp:4  | Killed a tentacled monstrosity
 31995 | Swamp:4  | Gained mutation: You have a pair of large antennae on your
                  | head. (SInv) [demonic ancestry]
 31995 | Swamp:4  | Reached XP level 18. HP: 96/146 MP: 26/32
 32190 | Swamp:4  | Noticed a tentacled monstrosity
 32198 | Swamp:4  | Killed a tentacled monstrosity
 32213 | Swamp:4  | Got a mossy gem with 946 turns to spare
 32215 | Swamp:4  | Got a decaying rune of Zot
 32528 | Vaults:1 | Entered Level 1 of the Vaults
 32567 | Vaults:1 | Noticed Norris
 32580 | Vaults:1 | Killed Norris
 33396 | Vaults:1 | Identified the +7 dagger of Plog {protect, *Corrode rN+
                  | Int+3 Dex+6}
 34981 | Vaults:2 | Reached skill level 22 in Invocations
 34994 | Vaults:2 | Learned a level 1 spell: Apportation
 35496 | Vaults:2 | Reached skill level 15 in Fighting
 35639 | Vaults:2 | Noticed Asterion
 35647 | Vaults:2 | Killed Asterion
 35648 | Vaults:2 | Gained mutation: When low on magic, you restore magic in
                  | place of health. [demonic ancestry]
 35648 | Vaults:2 | Reached XP level 19. HP: 154/155 MP: 32/34
 35939 | Vaults:2 | Identified the serpent talisman of Wofacik {rC+ Will+ Str-3
                  | Stlth+}
 35939 | Vaults:2 | Noticed Aizul
 36185 | Vaults:3 | Found a staircase to the Crypt.
 36199 | Vaults:3 | Identified the +11 chain mail "Itaoxkai" {rPois rN+ Dex-4}
 37218 | Vaults:4 | Found the +5 glaive of the Guard {elec, spectral}
 37559 | Vaults:4 | Reached skill level 15 in Maces & Flails
 37868 | Vaults:4 | Noticed Margery
 37869 | Vaults:4 | Noticed a hellephant
 37883 | Vaults:4 | Reached skill level 15 in Shields
 38297 | Vaults:4 | Killed Margery
 38509 | Vaults:4 | Killed a hellephant
 38972 | Vaults:3 | Reached skill level 23 in Invocations
 39099 | Vaults:3 | Reached XP level 20. HP: 146/164 MP: 35/35
 39982 | Crypt:1  | Entered Level 1 of the Crypt
 40025 | Crypt:1  | Identified the +7 long sword "Ocohukk" {antimagic, Str-5
                  | Dex+3}
 40120 | Crypt:1  | You are sucked into a shaft and drop 1 floor!
 40238 | Crypt:2  | Found a magical portal.
 40251 | WizLab   | Entered Borgnjor's Mausoleum
 41143 | WizLab   | Identified the amulet "Juxiv" {Acrobat *Slow +Blink rF-
                  | Dex+7}
 41153 | WizLab   | Got Borgnjor's Meditations on Dark Acts
 41319 | Crypt:3  | Entered Level 3 of the Crypt
 41504 | Crypt:3  | Noticed Vv
 42538 | Crypt:1  | Identified the +7 morningstar "Laffaileh" {drain, rN+}
 43343 | Crypt:2  | Upgraded the game from 0.31.0-4-g52a2dc7128 to
                  | 0.31.0-9-g3a7656b989
 43734 | Crypt:3  | Reached XP level 21. HP: 167/174 MP: 36/36
 44214 | Crypt:3  | Found a basalt altar of Yredelemnul.
 44645 | Crypt:3  | Noticed a curse toe
 44661 | Crypt:3  | Killed a curse toe
 44832 | Crypt:3  | Identified the ring of Trepidation {rPois rF+ Int+3 Dex+3}
 44987 | Crypt:3  | Found an ancient bone altar of Kikubaaqudgha.
 45523 | Crypt:3  | Found a staircase to the Tomb.
 46146 | Vaults:2 | Killed Aizul
 46634 | Elf:1    | Entered Level 1 of the Elven Halls
 46762 | Elf:1    | Reached skill level 1 in Spellcasting
 46784 | Elf:1    | Reached skill level 1 in Translocations
 47109 | Elf:1    | Found Wuycoig's Weapon Emporium.
 47952 | Elf:2    | Paralysed by an air elemental for 1 turns
 47955 | Elf:2    | Paralysed by an air elemental for 1 turns
 47961 | Elf:2    | Paralysed by an air elemental for 1 turns
 47978 | Elf:2    | Found a runed translucent door.
 48565 | Elf:2    | Found a runed translucent gate.
 48566 | Elf:2    | Found a runed translucent gate.
 48566 | Elf:2    | Found a runed translucent gate.
 49017 | Elf:2    | Reached XP level 22. HP: 176/184 MP: 37/37
 49429 | Elf:3    | Entered Level 3 of the Elven Halls
 49745 | Elf:3    | Reached skill level 5 in Spellcasting
 49747 | Elf:3    | Identified the +8 scimitar of Joalates {pain, rCorr Str+2}
 49800 | Elf:3    | Identified the +0 flail "Dyluoly" {flame, *Slow rF- rN++
                  | Dex+9}
 49830 | Elf:3    | Reached skill level 5 in Translocations
 50063 | Elf:3    | Identified the +0 dire flail "Sad Icos" {pain, *Rage +Blink
                  | rC+ Int+2}
 50083 | Elf:3    | Identified the +1 helmet of Uskayaw's Vengeance {*Corrode
                  | Regen+ MP+9}
 50083 | Elf:3    | Identified the ring "Loewaecs" {rPois rC- rN+ rCorr Int+8}
 50302 | Elf:3    | Paralysed by an air elemental for 1 turns
 50557 | Elf:3    | Identified the +3 hand axe "Qoschiog" {venom, rN+ MP-9
                  | Str+4 Int+3}
 50560 | Elf:3    | Identified the ring of Udghirr {rPois rC+ EV+5 Str-3}
 50599 | Elf:3    | Identified the +2 great sword of Jahi {venom, Fly rF+ Str+2
                  | Stlth+}
 50742 | Elf:2    | Paralysed by an air elemental for 1 turns
 50756 | Elf:2    | Paralysed by an air elemental for 1 turns
 50773 | Elf:2    | Paralysed by an air elemental for 1 turns
 50798 | Elf:2    | Identified the staff of the Unspeakable One {rElec Str+3
                  | Air}
 50802 | Elf:2    | Paralysed by an air elemental for 1 turns
 51268 | Depths:1 | Entered Level 1 of the Depths
 51268 | Depths:1 | Found a gateway to Hell.
 51478 | Depths:1 | Found a runed translucent gate.
 51478 | Depths:1 | Found a runed translucent gate.
 51478 | Depths:1 | Found a runed translucent gate.
 51482 | Depths:1 | Noticed Viocziel's ghost (adept TrMo)
 51657 | Depths:2 | Identified a scroll of acquirement
 51716 | Depths:2 | Noticed a caustic shrike
 51723 | Depths:2 | Noticed a caustic shrike
 51724 | Depths:2 | Noticed a juggernaut
 51731 | Depths:2 | Killed a caustic shrike
 51737 | Depths:2 | Killed a caustic shrike
 51747 | Depths:2 | Killed a juggernaut
 51867 | Depths:2 | Noticed a caustic shrike
 51885 | Depths:2 | Killed a caustic shrike
 51886 | Depths:2 | Identified the ring "Neode Emni" {Fly SInv}
 51917 | Depths:2 | Noticed a juggernaut
 51959 | Depths:2 | Noticed a golden dragon
 51975 | Depths:2 | Gained mutation: Your magical and physical power is
                  | enhanced at high health. [demonic ancestry]
 51975 | Depths:2 | Reached XP level 23. HP: 185/185 MP: 38/38
 52127 | Depths:4 | Entered Level 4 of the Depths
 52245 | Depths:4 | Found a radiant altar of Vehumet.
 52342 | Depths:4 | Noticed a caustic shrike
 52350 | Depths:4 | Noticed a caustic shrike
 52353 | Depths:4 | Noticed a caustic shrike
 52359 | Depths:4 | Noticed a caustic shrike
 52367 | Depths:4 | Killed a caustic shrike
 52372 | Depths:4 | Killed a caustic shrike
 52382 | Depths:4 | Killed a caustic shrike
 52385 | Depths:4 | Killed a caustic shrike
 52473 | Depths:4 | Found a one-way gate to the infinite horrors of the Abyss.
 52829 | Depths:4 | Found a gate to the Realm of Zot.
 52837 | Depths:4 | Got a midnight gem with 1581 turns to spare
 53441 | Depths:3 | Found a one-way gateway to a ziggurat.
 53464 | Depths:3 | Found a stormy altar of Qazlal.
 53606 | Depths:3 | Acquired the +12 morningstar of Integrity {venom, rElec rC+
                  | Int+4 SInv}
 53628 | Depths:3 | Found a hide-covered altar of Uskayaw.
 54087 | Depths:3 | Found a one-way gate leading to the halls of Pandemonium.
 54741 | Depths:3 | Reached skill level 24 in Invocations
 55005 | Depths:2 | Killed a juggernaut
 55006 | Depths:2 | Reached XP level 24. HP: 130/205 MP: 37/39
 55436 | Depths:2 | Found a shimmering blue altar of Sif Muna.
 55575 | Depths:1 | Found the amulet of the Air {Inacc Air Fly rElec RMsl}
 55724 | Depths:1 | Reached skill level 25 in Invocations
 56150 | Depths:1 | Found Saggut's Jewellery Emporium.
 56150 | Depths:1 | Found Hooraawk's Book Shop.
 56163 | Depths:1 | Found Cippuytz's Book Shop.
 56260 | Depths:1 | Found a viscous altar of Jiyva.
 56282 | Depths:1 | Killed Viocziel's ghost
 56285 | Depths:1 | Reached skill level 26 in Invocations
 56314 | Depths:1 | Identified the ring of Icips {rC+ Dex+4}
 56598 | Vaults:5 | Entered Level 5 of the Vaults
 56599 | Vaults:5 | Noticed an ancient lich
 56724 | Vaults:5 | Reached skill level 27 in Invocations
 56724 | Vaults:5 | Identified the +9 halberd "Hesado" {spect, rN+ Str+4}
 56863 | Vaults:5 | Found Siuck's Distillery.
 56867 | Vaults:5 | Bought a potion of curing for 57 gold pieces
 56867 | Vaults:5 | Bought a potion of heal wounds for 95 gold pieces
 56867 | Vaults:5 | Bought a potion of curing for 57 gold pieces
 56867 | Vaults:5 | Bought a potion of curing for 57 gold pieces
 56903 | Vaults:5 | Found Katuxeul's Magic Scroll Shoppe.
 56903 | Vaults:5 | Found Vuirem's Distillery.
 56907 | Vaults:5 | Bought a scroll of teleportation for 66 gold pieces
 56907 | Vaults:5 | Bought a scroll of teleportation for 66 gold pieces
 56907 | Vaults:5 | Bought a scroll of revelation for 165 gold pieces
 56907 | Vaults:5 | Bought a scroll of revelation for 165 gold pieces
 56907 | Vaults:5 | Bought a scroll of acquirement for 1144 gold pieces
 56914 | Vaults:5 | Bought a potion of experience for 750 gold pieces
 56914 | Vaults:5 | Bought a potion of heal wounds for 75 gold pieces
 56914 | Vaults:5 | Bought a potion of heal wounds for 75 gold pieces
 56914 | Vaults:5 | Bought a potion of might for 60 gold pieces
 56914 | Vaults:5 | Gained mutation: Your magical and physical power is greatly
                  | enhanced at high health. [demonic ancestry]
 56914 | Vaults:5 | Reached XP level 25. HP: 173/213 MP: 40/40
 57095 | Vaults:5 | Killed an ancient lich
 57410 | Vaults:5 | Reached XP level 26. HP: 134/221 MP: 35/40
 57896 | Vaults:5 | Found Kauskoe's Antique Armour Boutique.
 58391 | Vaults:5 | Got a silver rune of Zot
 58596 | Vaults:5 | Found Uqyebous's Distillery.
 58600 | Vaults:5 | Bought a potion of heal wounds for 110 gold pieces
 58600 | Vaults:5 | Bought a potion of haste for 220 gold pieces
 58600 | Vaults:5 | Bought a potion of enlightenment for 110 gold pieces
 58600 | Vaults:5 | Bought a potion of curing for 66 gold pieces
 58836 | Vaults:5 | Found Fudot Ceil's General Store.
 58842 | Vaults:5 | Bought a potion of haste for 140 gold pieces
 58842 | Vaults:5 | Bought a scroll of blinking for 105 gold pieces
 58953 | Vaults:5 | Bought a potion of haste for 150 gold pieces
 58953 | Vaults:5 | Bought a potion of curing for 45 gold pieces
 58953 | Vaults:5 | Bought a potion of curing for 45 gold pieces
 58953 | Vaults:5 | Bought 3 potions of curing for 135 gold pieces
 58975 | Vaults:5 | Bought a potion of ambrosia for 152 gold pieces
 58975 | Vaults:5 | Bought a potion of ambrosia for 152 gold pieces
 58980 | Vaults:5 | Acquired a manual of Necromancy
 59366 | Slime:1  | Entered Level 1 of the Pits of Slime
 59381 | Lair:5   | Reached skill level 1 in Necromancy
 60160 | Slime:3  | Noticed Dissolution
 60162 | Slime:3  | Reached skill level 5 in Necromancy
 60163 | Slime:3  | Gained mutation: You occasionally lose the ability to drink
                  | potions when taking damage. [a shining eye]
 60171 | Slime:3  | Killed Dissolution
 60966 | Slime:4  | Learned a level 4 spell: Dispel Undead
 60967 | Slime:5  | Entered Level 5 of the Pits of Slime
 61101 | Slime:5  | Noticed the Royal Jelly
 61136 | Slime:5  | Gained mutation: You sometimes lose the ability to drink
                  | potions when taking damage. [a shining eye]
 61137 | Slime:5  | Gained mutation: You are vulnerable to cold. (rC-) [a
                  | shining eye]
 61139 | Slime:5  | Gained mutation: Your spells are a little easier to cast,
                  | but a little less powerful. [a shining eye]
 61188 | Slime:5  | Gained mutation: Your spells are easier to cast, but less
                  | powerful. [a shining eye]
 61504 | Slime:4  | Lost mutation: You sometimes lose the ability to drink
                  | potions when taking damage. [potion of mutation]
 61504 | Slime:4  | Lost mutation: You have sharp toenails. [potion of
                  | mutation]
 61504 | Slime:4  | Lost mutation: Your spells are easier to cast, but less
                  | powerful. [potion of mutation]
 61504 | Slime:4  | Lost mutation: You occasionally lose the ability to drink
                  | potions when taking damage. [potion of mutation]
 61504 | Slime:4  | Gained mutation: You are very agile. (Dex +8, Str/Int -2)
                  | [potion of mutation]
 61505 | Slime:4  | Lost mutation: Your spells are a little easier to cast, but
                  | a little less powerful. [potion of mutation]
 61505 | Slime:4  | Lost mutation: You are very agile. (Dex +8, Str/Int -2)
                  | [potion of mutation]
 61505 | Slime:4  | Lost mutation: You are vulnerable to cold. (rC-) [potion of
                  | mutation]
 61505 | Slime:4  | Gained mutation: You are vulnerable to heat. (rF-) [potion
                  | of mutation]
 61505 | Slime:4  | Gained mutation: You are covered in fur. (AC +1) [potion of
                  | mutation]
 61506 | Slime:4  | Lost mutation: You are covered in fur. (AC +1) [potion of
                  | mutation]
 61506 | Slime:4  | Lost mutation: You are agile. (Dex +4, Str/Int -1) [potion
                  | of mutation]
 61506 | Slime:4  | Gained mutation: You do not regenerate when monsters are
                  | visible. [potion of mutation]
 61506 | Slime:4  | Gained mutation: You occasionally shout uncontrollably at
                  | your foes. [potion of mutation]
 61507 | Slime:4  | Lost mutation: You occasionally shout uncontrollably at
                  | your foes. [potion of mutation]
 61507 | Slime:4  | Lost mutation: You do not regenerate when monsters are
                  | visible. [potion of mutation]
 61507 | Slime:4  | Lost mutation: You are vulnerable to heat. (rF-) [potion of
                  | mutation]
 61507 | Slime:4  | Gained mutation: You possess an exceptional clarity of
                  | mind. [potion of mutation]
 61597 | Slime:5  | Found a viscous altar of Jiyva.
 61847 | Slime:5  | Killed the Royal Jelly
 61848 | Slime:5  | Reached skill level 10 in Necromancy
 61882 | Slime:5  | Got a slimy rune of Zot
 62066 | Slime:5  | Identified the staff of Experimentation {^Drain rElec rN+
                  | Dex+5 Stlth- Necro}
 62067 | Slime:5  | Identified the staff of Breach {rElec rF+ rCorr Fire}
 62072 | Slime:5  | Identified the +1 robe "Adwulo Kesk" {Stlth+}
 62094 | Slime:5  | Identified the orb "Viocalatt" {*channel, rElec Regen+
                  | Str-2}
 62193 | Slime:5  | Identified the +8 mace of Truncation {antimagic, rN+}
 62908 | Depths:1 | Voluntarily entered the Abyss.
 62958 | Abyss:1  | Learned a level 4 spell: Airstrike
 62996 | Abyss:3  | Found a corrupted altar of Lugonu.
 63552 | Abyss:3  | Noticed an ancient lich
 63562 | Abyss:3  | Killed an ancient lich
 63584 | Abyss:4  | Found a corrupted altar of Lugonu.
 63669 | Abyss:4  | Gained mutation: You are dopey. (Int -2) [a cacodemon]
 63702 | Abyss:4  | Found a corrupted altar of Lugonu.
 63704 | Abyss:4  | Found a corrupted altar of Lugonu.
 63704 | Abyss:4  | Found a corrupted altar of Lugonu.
 63720 | Abyss:4  | Found a corrupted altar of Lugonu.
 63738 | Abyss:4  | Reached XP level 27. HP: 156/234 MP: 36/40
 64197 | Abyss:4  | Found a shimmering blue altar of Sif Muna.
 64216 | Abyss:4  | Got the Papyrus of Quicksand
 64244 | Abyss:4  | Got the Papyrus of Frost
 64247 | Abyss:4  | Found a shimmering blue altar of Sif Muna.
 64297 | Abyss:4  | Found a shimmering blue altar of Sif Muna.
 64473 | Abyss:4  | Found a corrupted altar of Lugonu.
 64476 | Abyss:4  | Got an abyssal rune of Zot
 64518 | Depths:1 | Escaped the Abyss
 64695 | Zot:1    | Entered Level 1 of the Realm of Zot
 64790 | Zig:1    | Entered Level 1 of a ziggurat
 64803 | Zig:2    | Entered Level 2 of a ziggurat
 64839 | Zig:3    | Entered Level 3 of a ziggurat
 64841 | Zig:3    | Noticed Peafyis the pandemonium lord
 64851 | Zig:4    | Entered Level 4 of a ziggurat
 64856 | Zig:4    | Paralysed by an air elemental for 1 turns
 64867 | Zig:4    | Found the macabre finger necklace {Finger+ rN+}
 64870 | Zig:4    | Found the +8 autumn katana {manifold assault}
 64998 | Zig:5    | Entered Level 5 of a ziggurat
 65006 | Zig:5    | Identified the ring "Qedora" {rF+ rCorr MP+9}
 65350 | Zot:1    | Noticed an ancient lich
 65360 | Depths:4 | Reached skill level 10 in Armour
 65481 | Zot:1    | Noticed an ancient lich
 65487 | Depths:4 | Killed an ancient lich
 65507 | Depths:4 | Killed an ancient lich
 65508 | Depths:4 | Reached skill level 10 in Dodging
 65711 | Zot:1    | Reached skill level 15 in Necromancy
 67057 | Zot:3    | Noticed an orb of fire
 67546 | Zot:5    | Entered Level 5 of the Realm of Zot
 69088 | Zot:5    | Noticed an orb of fire
 69091 | Zot:5    | Gained mutation: You occasionally lose the ability to read
                  | scrolls when taking damage. [an orb of fire]
 69094 | Zot:5    | Gained mutation: You are vulnerable to cold. (rC-) [an orb
                  | of fire]
 69096 | Zot:5    | Gained mutation: Your spells are a little easier to cast,
                  | but a little less powerful. [an orb of fire]
 69098 | Zot:5    | Gained mutation: Your magical capacity is low. (-10% MP)
                  | [an orb of fire]
 69100 | Zot:5    | Killed an orb of fire
 69363 | Zot:5    | Noticed an orb of fire
 69369 | Zot:5    | Lost mutation: Your magical capacity is low. (-10% MP) [an
                  | orb of fire]
 69370 | Zot:5    | Killed an orb of fire
 69558 | Zot:5    | Noticed an orb of fire
 69558 | Zot:5    | Gained mutation: Your body sometimes deteriorates upon
                  | taking damage. [an orb of fire]
 69565 | Zot:5    | Gained mutation: Your body often deteriorates upon taking
                  | damage. [an orb of fire]
 69577 | Zot:5    | Killed an orb of fire
 69887 | Zot:5    | Noticed a dread lich
 69907 | Zot:5    | Killed a dread lich
 70079 | Zot:5    | Noticed an ancient lich
 70098 | Zot:5    | Killed an ancient lich
 70750 | Zot:5    | Got the Orb of Zot
 70789 | Zot:5    | Noticed an orb of fire
 70806 | Zot:5    | Killed an orb of fire
 70812 | Zot:5    | Noticed a dread lich
 71410 | D:$      | Escaped with the Orb!

Illustrated notes

Levels and vault maps discovered:
D:1:      amcnicky_arrival_feature_with_door, layout_basic, minmay_misc_feat_x,
          solitary_fountain, kennysheep_decorative_pillar, minivault_27
D:2:      layout_basic, basic_ecumenical_altar, minmay_misc_feat_square,
          hangedman_feature_mirror
D:3:      cheibrodos_pilgrimage, layout_rooms
D:4:      layout_cave_pools, minmay_between
D:5:      layout_basic, mainiacjoe_overflow_swirl, uniq_duvessa, uniq_ijyb,
          uniq_eustachio
D:6:      layout_layer_cave, portal_sewer_entry_a, nicolae_figureground_pulse
D:7:      layout_gridville, minmay_temple_entry_stoned_glass, lightli_minifort
D:8:      layout_basic, mainiacjoe_overflow_concentric_impassable, minitemple,
          enter_bailey_6, water_boxes_lemuel
D:9:      layout_cave_pools
D:10:     layout_small_grid, nicolae_gozag_zags_fifth_avenue, serial_shops,
          nicolae_shop_pleasant_corner_grove
D:11:     layout_rooms, dpeg_oklobed_lair, grunt_decor_arrowhead,
          nicolae_shop_vocational, uniq_nergalle, uniq_lodul, uniq_erica
D:12:     layout_irregular_city, david_orc_3, gauntlet_entry_generic,
          minmay_misc_feat_rugged, uniq_fannar
D:13:     layout_stronghold, hellmonk_vaults_attempted_burglary, serial_glass,
          glass_columns_b, glass_columns_a, glass_columns_c, glass_columns_a,
          glass_columns_a, glass_columns_b, uniq_urug
D:14:     minmay_connected_boxes_in_corner, layout_gridville, serial_shops,
          shop, reono_crystal_passage
D:15:     hangedman_depths_entry_civil_slaughter, layout_basic,
          minmay_misc_feat_cross, uniq_nessos
Temple:   hellmonk_temple_two_chambers
Lair:1:   layout_layer_cave, serial_bayou_shore_b, serial_bayou_shore_a,
          grunt_megastairs_5
Lair:2:   layout_misc_corridors, minmay_swamp_entry_eels,
          minmay_snake_entry_guardpost_medium
Lair:3:   cheibrodos_lair_river_kwai, layout_cave_shapes, serial_bayou_lagoon_a,
          ice2_lemuel, uniq_amaemon
Lair:4:   layout_small_grid, lightli_volcano_entry_magma_tube,
          chequers_serial_rivers_room_b, grunt_megastairs_1, lemuel_fruit_tree
Lair:5:   gammafunk_lair_ancient_temple, layout_cave_pods, slime_entry_1,
          roderic_batcave
Swamp:1:  layout_falls_marsh, evilmike_swamp_ruin_rubble_2
Swamp:2:  cheibrodos_swamp_monstrosity, layout_falls_marsh,
          hangedman_swamp_diagram, swamp_pool_4
Swamp:3:  layout_basic_swamp, evilmike_swamp_ruin_house_2,
          nicolae_swamp_long_stream, uniq_nikola
Swamp:4:  swamp_vile, layout_basic_swamp, swamp_pool_3
Snake:1:  layout_cave_pods, special_room, serial_shops, nicolae_shop_mannequins,
          nicolae_shop_real_fake_doors, gammafunk_ghost_split,
          nicolae_snake_gridmaze_big_u, serial_bayou_lake_a
Snake:2:  layout_chambers
Snake:3:  layout_misc_corridors, minmay_shop_star
Snake:4:  hellmonk_snake_rune_quicksilver_temple, layout_concentric_octagons,
          nrook_guardian_serpent_double, minmay_shoptagon
Slime:1:  layout_caves
Slime:2:  layout_caves
Slime:3:  layout_caves, uniq_dissolution
Slime:4:  layout_caves, dissolution_awaits
Slime:5:  slime_pit
Orc:1:    layout_caves, nicolae_orc_sculptors_studio, guppyfry_library_mini,
          uniq_snorg, uniq_josephine
Orc:2:    grunt_orc_tribal_feast, layout_diamond_mine, serial_shops, shop
Elf:1:    eino_elf_arrival_customs, layout_onion_city, serial_shops,
          nicolae_shop_bloodbath_and_beyond, minmay_elf_demonology, minivault_16
Elf:2:    nicolae_elf_blades_crystal_corner, layout_loops_corners,
          hangedman_aerie_drop
Elf:3:    minmay_elf_hall_quartered_circle, layout_geoelf_grid, billiards_dpeg
Vaults:1: v_misc_28, nicolae_vaults_storage_room_statues,
          nicolae_vaults_tetromino_T_1, nicolae_vaults_angled_halls,
          nicolae_vaults_network_quinsquares
          [nicolae_vaults_network_quincunx_subvault,
          nicolae_vaults_network_quincunx_subvault,
          nicolae_vaults_network_quincunx_subvault,
          nicolae_vaults_network_quincunx_subvault],
          nicolae_vaults_little_squares_4, dpeg_vaults_monster_row,
          vaults_standard_mumra_lines, v_misc_23, nicolae_vaults_weapon_check,
          layout_vaults_chaotic_city, uniq_norris
Vaults:2: vaults_mumra_hexcomb, nicolae_vaults_tetromino_T_2,
          nicolae_vaults_turnstiles, v_rooms_6, v_pattern_2,
          nicolae_vaults_security_offices_4, v_misc_9, nicolae_vaults_alarming,
          nicolae_vaults_angled_halls, nicolae_vaults_tetromino_L_2,
          vaults_dpeg_hooks, layout_vaults_omnigrid, uniq_aizul, uniq_asterion
Vaults:3: nicolae_vaults_hallways_thing, minmay_crypt_entry_simple_box,
          vaults_room_fours, v_misc_10, ontoclasm_vaults_ring_small, v_misc_28,
          nicolae_vaults_diagonal_hallway_7, v_pattern_5,
          grunt_vaults_trifunnel, hangedman_vaults_capsules,
          nicolae_vaults_diagonal_hallway_9, nicolae_vaults_double_plus_2,
          vaults_room_ringed_pool, vaults_dpeg_encased_lava, vaults_room_pool,
          layout_vaults_omnicross
Vaults:4: minmay_guarded_unrand_guard, vaults_mumra_chevron, v_misc_29,
          hangedman_vaults_impose, hangedman_vaults_stagger, v_rooms_2,
          nicolae_vaults_back_hallway, nicolae_vaults_surprise_closet,
          ontoclasm_vaults_twist, nicolae_vaults_circle_grid_a, v_alt_pattern_6,
          v_misc_33, vaults_room_door_ring, nicolae_vaults_prndl,
          layout_vaults_maze, uniq_margery
Vaults:5
Crypt:1:  layout_gridlike, grunt_megastairs_4
Crypt:2:  layout_gridlike, infiniplex_enter_wizlab_glasses
Crypt:3:  lightli_unholy_cathedral, layout_chaotic_city,
          tomb_entry_sphere_bobbens, nicolae_crypt_niches,
          minmay_misc_feat_ornament, uniq_vv
Depths:1: layout_roguey, hell_entry, serial_sigils_hangedman_snap,
          gammafunk_ghost_ooze, nicolae_abyss_entry_one_way_or_another,
          nicolae_figureground_sparkle, minmay_shop_grove
Depths:2: nicolae_fronds_of_death, layout_cave_pools, pf_hell_entry_tar_spiral,
          pan_entry, hellmonk_sif_muna_bookshelves, serial_bayou_shore_b
Depths:3: kennysheep_room_grid, layout_honeycomb, enter_ziggurat_a,
          nicolae_uskayaw_murder_on_the_dancefloor,
          abyss_entry_small_statue_room, rand_demon_pan_entry_5, hell_entry,
          nicolae_qazlal_general_emergency, minmay_staircase_windowed_large,
          grunt_megastairs_3
Depths:4: grunt_zot_entry_gee_three, layout_basic, abyss_entry, hell_entry,
          fiery_altar_vehumet, interstate_on_off
Zot:1:    hellmonk_crystal_mountain, layout_onion_interference,
          grunt_ministairs_14
Zot:2:    layout_twisted_circle, hangedman_hellfire_club
Zot:3:    layout_onion
Zot:4:    layout_cellular_growth, grunt_ministairs_3
Zot:5:    layout_twisted_circle

Skill      XL: |  1  2  3  4  5  6  7  8  9 10 11 12 13 14 15 16 17 18 19 20 21 22 23 24 25 26 27 |
---------------+----------------------------------------------------------------------------------+-----
Dodging        | 1 2 3 4 5 6 7 8 13 | 13.9
Armour         | 2 3 4 5 6 8 13 | 13.9
Fighting       | 2 3 4 5 6 7 9 10 11 13 14 15 17 18 19 20 21 23 25 | 25.4
Evocations     | 4 5 6 7 9 10 11 12 13 14 16 17 18 19 | 19.4
Maces & Flails | 3 5 7 8 9 10 11 12 13 14 15 16 | 16.0
Shields        | 3 5 7 8 9 10 11 12 13 14 15 16 17 18 19 20 21 | 21.8
Invocations    | 4 7 10 13 15 18 19 20 21 22 23 24 27 | 27.0
Spellcasting   | 4 7 8 |  8.9
Translocations | 4 7 8 |  8.9
Necromancy     | 12 15 | 15.1
Stealth        | |  0.8

Action                     |  1- 3 |  4- 6 |  7- 9 | 10-12 | 13-15 | 16-18 | 19-21 | 22-24 | 25-27 || total
---------------------------+-------+-------+-------+-------+-------+-------+-------+-------+-------++-------
  Melee: Club              |    28 |       |       |       |       |       |       |       |       ||    28
         Mace              |    43 |       |       |       |       |       |       |       |       ||    43
         Long sword        |   115 |   115 |   215 |       |       |       |       |       |       ||   445
         Punch             |     2 |       |     3 |       |       |       |       |       |       ||     5
         Kick              |       |    30 |   121 |    65 |       |       |       |       |       ||   216
         Whip              |       |       |    59 |       |       |       |       |       |       ||    59
         Morningstar       |       |       |   112 |   391 |  1121 |   778 |  1526 |   480 |  2183 ||  6591
         Unarmed           |       |       |       |     1 |       |       |       |       |       ||     1
         Eveningstar       |       |       |       |       |       |       |       |  1278 |    36 ||  1314
  Throw: Throwing net      |       |       |       |     1 |       |       |       |       |       ||     1
         Javelin           |       |       |       |       |     1 |       |     1 |     1 |     7 ||    10
   Cast: Lesser Beckoning  |       |       |       |       |       |       |       |    21 |   134 ||   155
         Apportation       |       |       |       |       |       |       |       |       |     1 ||     1
 Invoke: Upheaval          |       |       |       |     7 |     7 |    37 |    33 |    21 |    44 ||   149
         Elemental Force   |       |       |       |       |     1 |     2 |     8 |     3 |     3 ||    17
         Disaster Area     |       |       |       |       |     1 |       |       |     3 |     5 ||     9
Ability: Evoke Blink       |       |       |       |       |       |       |       |       |     1 ||     1
  Evoke: Wand              |     3 |    10 |    15 |    36 |    12 |    14 |     6 |     4 |     7 ||   107
         Lightning rod     |       |       |       |     7 |     8 |     3 |    12 |    10 |    15 ||    55
         Sack of spiders   |       |       |       |       |     3 |     4 |     2 |       |     3 ||    12
         Condenser vane    |       |       |       |       |       |     3 |     6 |     5 |     4 ||    18
         Phantom mirror    |       |       |       |       |       |     1 |       |       |     1 ||     2
         Phial of floods   |       |       |       |       |       |       |     1 |       |     1 ||     2
    Use: Scroll            |     2 |     6 |     9 |    12 |     7 |     9 |    22 |    12 |    22 ||   101
         Potion            |       |     1 |     4 |     8 |     2 |     4 |    11 |    10 |    25 ||    65
   Stab: Sleeping          |     1 |       |     6 |       |       |       |       |       |       ||     7
         Paralysed         |       |       |    13 |    25 |     4 |     3 |     6 |     2 |       ||    53
         Distracted        |       |       |     1 |     2 |    14 |     7 |    24 |     2 |     1 ||    51
         Betrayed ally     |       |       |     1 |       |       |       |       |       |       ||     1
         Held in net/web   |       |       |       |     1 |       |     1 |       |       |       ||     2
         Confused          |       |       |       |       |     1 |       |     1 |       |       ||     2
         Invisible         |       |       |       |       |       |     1 |       |    13 |       ||    14
         Fleeing           |       |       |       |       |       |       |       |       |     1 ||     1
 Armour: Scale mail        |   145 |    79 |       |       |       |       |       |       |       ||   224
         Leather armour    |    11 |     7 |   215 |   186 |   138 |   232 |    87 |       |       ||   876
         Ring mail         |       |       |       |       |   201 |     3 |       |       |       ||   204
         Chain mail        |       |       |       |       |       |       |   335 |   567 |   944 ||  1846
  Dodge: Dodged            |   150 |   133 |   322 |   131 |   272 |   181 |   226 |   271 |   326 ||  2012
         Repelled          |       |       |       |       |     3 |    10 |    10 |    17 |    42 ||    82
  Block: Tower shield      |       |       |   166 |   399 |  1688 |  1014 |  1618 |  1822 |  2889 ||  9596
